 Dungeon Crawl Stone Soup version 0.19-a0-593-gf2cdb02 (webtiles) character file.

112 Ijustatesigmund the Poker (level 4, -3/38 HPs)
             Began as a Merfolk Fighter on June 10, 2016.
             Slain by a gnoll
             ... wielding a +0 halberd
              (6 damage)
             ... on level 2 of the Dungeon.
             The game lasted 00:02:58 (1361 turns).

Ijustatesigmund the Poker (Merfolk Fighter)         Turns: 1361, Time: 00:02:59

Health: -3/38      AC:  6    Str: 16    XL:     4   Next: 93%
Magic:  4/4        EV:  8    Int:  7    God:
Gold:   120        SH:  9    Dex: 14    Spells: 0 memorised, 3 levels left

rFire  . . .     SeeInvis .     a - +0 trident
rCold  . . .     Gourm    .     b - +0 scale mail
rNeg   . . .     Faith    .     c - +0 shield
rPois  .         Spirit   .     (no helmet)
rElec  .         Dismiss  .     (no cloak)
rCorr  .         Reflect  .     (no gloves)
SustAt .         Harm     .     (no boots)
MR     .....                    (no amulet)
Stlth  ..........               (no ring)
                                (no ring)

@: not resistant to hostile enchantments, extremely unstealthy
A: change form in water, swift swim
a: no special abilities


You were on level 2 of the Dungeon.
You were not hungry.

You visited 1 branch of the dungeon, and saw 2 of its levels.

You collected 120 gold pieces.

Inventory:

Hand Weapons
 a - a +0 trident (weapon)
Armour
 b - a +0 scale mail (worn)
 c - a +0 shield (worn)
Scrolls
 g - 3 scrolls of remove curse
 i - a scroll of enchant armour {unknown}
 j - a scroll of recharging {unknown}
 l - a scroll of amnesia {unknown}
 o - 2 scrolls of blinking {unknown}
 q - a scroll of immolation {unknown}
Potions
 d - a potion of magic
 n - a potion of brilliance
Comestibles
 f - 4 bread rations
 h - 2 fruits
 m - a slice of pizza
 p - a meat ration


   Skills:
 + Level 4.3 Fighting
 + Level 4.9 Polearms
 - Level 2.1 Armour
 + Level 3.0 Dodging
 - Level 3.0 Shields


You had 3 spell levels left.
You didn't know any spells.

Dungeon Overview and Level Annotations

Branches:
Dungeon (2/15)

Altars:
Okawaru


Message History

The gnoll hits you with a halberd.
The gnoll hits you from afar with a spear!
You hit the gnoll but do no damage.
The gnoll is lightly wounded.
You block the gnoll's attack. The gnoll barely misses you.
You puncture the gnoll!
The gnoll is severely wounded.
The gnoll hits you from afar with a spear.
You block the gnoll's attack.
You hit the gnoll.
The gnoll is severely wounded.
You block the gnoll's attack. The gnoll hits you with a halberd!
* * * LOW HITPOINT WARNING * * *
You feel better.
The gnoll hits you from afar with a spear!
* * * LOW HITPOINT WARNING * * *
As you read the scroll labeled PEAPUE QADDAG, it crumbles to dust.
You feel blessed for a moment.
It was a scroll of remove curse.
The gnoll hits you with a halberd.
You die...

)# . # ## #
#############
#.. #
#gggg@......#
#.# #
#.#########.#
#.##### g. #.#
#.#...+ ## #.#
#.#.###
#.####.#.#.+
#....).#.#.#
#########.#.#.#
..............(
########....#.#


You could see 4 gnolls.

Vanquished Creatures
  Ijyb (D:2)
  3 adders (D:2)
  2 oozes
  3 worms (D:2)
  A dart slug (D:1)
  A giant gecko (D:1)
  3 giant cockroaches (D:2)
  8 goblins
  3 hobgoblins
  5 kobolds
  A quokka (D:2)
  2 ball pythons
  4 bats
  A giant newt (D:2)
  2 rats (D:1)
40 creatures vanquished.

Notes
Turn   | Place    | Note
--------------------------------------------------------------
     0 | D:1      | Ijustatesigmund the Merfolk Fighter began the quest for the Orb.
     0 | D:1      | Reached XP level 1. HP: 18/18 MP: 1/1
   153 | D:1      | Reached XP level 2. HP: 24/24 MP: 2/2
   333 | D:1      | Reached skill level 1 in Dodging
   616 | D:1      | Reached XP level 3. HP: 28/30 MP: 3/3
   799 | D:2      | Noticed Ijyb
   809 | D:2      | Killed Ijyb
   839 | D:2      | Found an iron altar of Okawaru.
   843 | D:2      | Reached XP level 4. HP: 34/37 MP: 4/4
  1361 | D:2      | Slain by a gnoll

Vault maps used:
D:1:      erik_arrival_triangle_small, serial_bayou_pond_c, minmay_hedge_maze
D:2:      kennysheep_the_goblin_king, okawaru_ov_weapons_minmay

Skill      XL: |  1  2  3  4 |
---------------+-------------+-----
Dodging        | 1 2 3 |  3.0
Polearms       | 4 |  4.9
Fighting       | 4 |  4.3
Armour         | |  2.1
Shields        | |  3.0

Action                   |  1- 3 |  4- 6 || total
-------------------------+-------+-------++-------
Melee: Trident           |    95 |    89 ||   184
  Use: Scroll            |     2 |     3 ||     5
       Potion            |     1 |     2 ||     3
  Eat: Chunk             |       |     2 ||     2
Armor: Scale mail        |    32 |    32 ||    64
Dodge: Dodged            |    19 |    22 ||    41
Block: Shield            |    37 |    39 ||    76
